[Event "Team 45 45 League T74"]
[Site "Internet Chess Club"]
[Date "2017.10.01"]
[Round "3"]
[White "vedv"]
[Black "QuimCatala"]
[Result "0-1"]
[WhiteElo "980"]
[BlackElo "1296"]
[Opening "Sicilian defense"]
[ECO "B30"]
[Time "16:30:22"]
[TimeControl "2700+45"]

1. e4 c5 2. Nf3 Nc6 3. Nc3 e5 4. Bc4 h6 5. O-O d6 6. d3 Bg4 7. h3 Bh5 8. Be3 Nf6
9. Nd5 a6 10. Nxf6+ Qxf6 11. a3 Bxf3 12. Qxf3 Qxf3 13. gxf3 Ne7 14. Bd5 Rb8 15.
b4 Nxd5 16. exd5 cxb4 17. axb4 b5 18. c4 Be7 19. cxb5 axb5 20. Ra2 O-O 21. Ba7
Ra8 22. Rfa1 Rfc8 23. Bb6 Rxa2 24. Rxa2 Rc1+ 25. Kg2 Rb1 26. Ba5 Rb3 27. Rd2 Bg5
28. Rd1 Rb2 29. d4 exd4 30. Rxd4 Be3 31. Re4 Bxf2 32. Re8+ Kh7 33. Bc7 Bb6+ 34.
Kg3 Bxc7 35. Re7 Bb6 36. Rxf7 Bf2+ 37. Kf4 Rxb4+ 38. Kf5 Rh4 39. Re7 Rh5+ 40.
Kg4 Rxd5 41. f4 h5+ 42. Kf3 Bh4 43. Ke4 Rd1 44. f5 Re1+ 45. Kd5 Rxe7 46. Kxd6 b4
47. Kc5 b3 48. Kc4 b2 49. Kc3 b1=Q 50. Kc4 Qd1 51. f6 gxf6 52. Kc5 Rc7+ 53. Kb6
Qd6+ 54. Kb5 Qc5+ 55. Ka6 Ra7# {White checkmated} 0-1

[Event "Team 45 45 League T74"]
[Site "Internet Chess Club"]
[Date "2017.10.01"]
[Round "3"]
[White "bayoumicardio10"]
[Black "rubo"]
[Result "0-1"]
[WhiteElo "1429"]
[BlackElo "1543"]
[Opening "Caro-Kann: exchange, Rubinstein variation"]
[ECO "B13"]
[Time "15:01:01"]
[TimeControl "2700+45"]

1. e4 c6 2. d4 d5 3. exd5 cxd5 4. Bd3 Nc6 5. c3 Nf6 6. Bf4 e6 7. Nf3 Bd6 8. Bxd6
Qxd6 9. O-O O-O 10. Nbd2 a6 11. Re1 b5 12. a3 h6 13. Ne5 Bb7 14. Nb3 Nd7 15.
Nxd7 Qxd7 16. Nc5 Qc7 17. Re3 Na5 18. b4 Nc4 19. Bxc4 dxc4 20. Nxb7 Qxb7 21. a4
Rfd8 22. Qd2 bxa4 23. Rxa4 Qb5 24. Qa2 e5 25. Ra5 exd4 26. Rxb5 axb5 27. Qb1
dxe3 28. fxe3 Rd3 29. Kf2 Ra3 30. Qc1 Rdxc3 31. Qd2 Rd3 32. Qb2 f6 33. e4 Rdb3
34. Qd4 Ra2+ 35. Ke1 Rb1+ {White resigns} 0-1

[Event "Team 45 45 League T74"]
[Site "Internet Chess Club"]
[Date "2017.10.01"]
[Round "3"]
[White "nosir"]
[Black "tuantuan"]
[Result "1/2-1/2"]
[WhiteElo "1442"]
[BlackElo "1519"]
[Opening "Queen's pawn: London system"]
[ECO "A45"]
[Time "19:00:50"]
[TimeControl "2700+45"]

1. d4 Nf6 2. Bf4 g6 3. e3 Bg7 4. Nf3 O-O 5. Bd3 d5 6. c3 Re8 7. Nbd2 Nc6 8. h3
Bd7 9. O-O e6 10. e4 dxe4 11. Nxe4 Nxe4 12. Bxe4 Rb8 13. Qd2 e5 14. dxe5 Nxe5
15. Nxe5 Bxe5 16. Bxe5 Rxe5 17. Rfe1 Qe7 18. Bf3 Rd8 19. Rxe5 Qxe5 20. Rd1 c6
21. Re1 Qf6 22. Rd1 Kf8 23. Bg4 Ke8 24. Bxd7+ Kf8 25. Qh6+ Ke7 26. Qe3+ Kf8
{Game drawn by mutual agreement} 1/2-1/2

[Event "Team 45 45 League T74"]
[Site "Internet Chess Club"]
[Date "2017.10.01"]
[Round "3"]
[White "liujf"]
[Black "zethhon"]
[Result "1/2-1/2"]
[WhiteElo "1539"]
[BlackElo "1396"]
[Opening "Sicilian: Kan variation"]
[ECO "B41"]
[Time "19:31:22"]
[TimeControl "2700+45"]

1. e4 c5 2. Nf3 e6 3. d4 cxd4 4. Nxd4 a6 5. Be3 b5 6. a3 Bb7 7. Nc3 Nf6 8. Bd3
b4 9. axb4 Bxb4 10. f3 Nc6 11. Nxc6 dxc6 12. O-O O-O 13. Kh1 a5 14. Na2 Bd6 15.
Re1 Qc7 16. h3 Bg3 17. Rf1 Ba6 18. Bxa6 Rxa6 19. f4 Nxe4 20. Qf3 f5 21. Nc3 Nxc3
22. bxc3 Bh4 23. Bd4 Bf6 24. Qe2 Qc8 25. Rfe1 c5 26. Bxc5 Bxc3 27. Bxf8 Bxa1 28.
Rxa1 Kxf8 29. Qd2 a4 30. Qb4+ Kf7 31. Rxa4 Rc6 32. c4 Kf6 33. Qc3+ Kg6 34. Ra7
Rc7 35. Ra4 Rc6 36. Ra7 Rc7 37. Ra4 {Game drawn by mutual agreement} 1/2-1/2

[Event "Team 45 45 League T74"]
[Site "Internet Chess Club"]
[Date "2017.09.30"]
[Round "3"]
[White "g8wrb"]
[Black "grekor"]
[Result "1-0"]
[WhiteElo "1349"]
[BlackElo "1098"]
[Opening "Ruy Lopez: Bird's defense"]
[ECO "C61"]
[Time "12:02:24"]
[TimeControl "2700+45"]

1. e4 e5 2. Nf3 Nc6 3. Bb5 Nd4 4. Nxd4 exd4 5. O-O Bd6 6. d3 Be5 7. c3 a6 8. Ba4
b6 9. f4 Bf6 10. e5 Bh4 11. cxd4 Bb7 12. Nc3 Qe7 13. g3 Bxg3 14. hxg3 Qe6 15.
Qh5 g6 16. Qg5 Qh3 17. d5 h5 18. Qh4 Qf5 19. Rf3 c6 20. Ne4 cxd5 21. Nd6+ {Black
resigns} 1-0

[Event "Team 45 45 League T74"]
[Site "Internet Chess Club"]
[Date "2017.10.01"]
[Round "3"]
[White "seattleblues"]
[Black "smsxman"]
[Result "1-0"]
[WhiteElo "1330"]
[BlackElo "1359"]
[Opening "Queen's pawn game, Darooha variation "]
[ECO "D02"]
[Time "06:01:53"]
[TimeControl "2700+45"]

1. d4 Nf6 2. Nf3 d5 3. c4 Nc6 4. Nc3 g6 5. Bf4 Bg7 6. e3 O-O 7. Be2 Nh5 8. Bg5
Be6 9. O-O f6 10. Bh4 f5 11. b3 Nf6 12. Bxf6 Bxf6 13. cxd5 Bxd5 14. Nxd5 Qxd5
15. Bc4 e6 16. Bxd5 exd5 17. Rc1 Rac8 18. Rc2 Nb4 19. Rb2 c5 20. Re2 b6 21. a3
Nc6 22. Rc2 Na5 23. b4 Nc4 24. Ra2 cxb4 25. axb4 a5 26. bxa5 bxa5 27. Nd2 Be7
28. Nxc4 Rxc4 29. Rxa5 Rfc8 30. Rxd5 Bb4 31. Qb3 Bf8 32. h3 Kh8 33. Rb5 Rc3 34.
Qb1 Ba3 35. Rb8 Bf8 36. Rxc8 Rxc8 37. Qb7 Re8 38. Rc1 Re7 39. Rc7 {Black
resigns} 1-0

[Event "Team 45 45 League T74"]
[Site "Internet Chess Club"]
[Date "2017.09.30"]
[Round "3"]
[White "joaoazm"]
[Black "Just-Jim"]
[Result "1-0"]
[WhiteElo "1323"]
[BlackElo "1289"]
[Opening "Réti: King's Indian attack (Barcza system)"]
[ECO "A07"]
[Time "19:00:31"]
[TimeControl "2700+45"]

1. Nf3 d5 2. g3 e6 3. Bg2 Nf6 4. O-O Nc6 5. d4 h6 6. Nbd2 Be7 7. c4 O-O 8. Re1
Nh7 9. e4 dxe4 10. Nxe4 f5 11. Nc3 Bf6 12. Be3 Ng5 13. Nxg5 Bxg5 14. d5 Bxe3 15.
dxc6 b6 16. Rxe3 Qg5 17. f4 Qe7 18. Qe2 Qc5 19. Nb5 Ba6 20. Nxc7 Bxc4 21. Qf2
Rac8 22. Nxe6 Bxe6 23. Rxe6 Qc4 24. Re7 Qb4 25. Rxa7 Rfd8 26. Rd7 Re8 27. c7 Qc4
28. Bd5+ Qxd5 29. Rxd5 Rxc7 30. Qxb6 Rce7 31. Rxf5 Re6 32. Qb7 R6e7 33. Qd5+ Kh7
34. Re5 Rxe5 35. fxe5 Rf8 36. e6 Kg6 37. e7 Re8 38. Qc6+ Kf7 39. Rf1+ Kxe7 40.
Re1+ {Black resigns} 1-0

[Event "Team 45 45 League T74"]
[Site "Internet Chess Club"]
[Date "2017.09.29"]
[Round "3"]
[White "stantheman59"]
[Black "Rbug"]
[Result "1/2-1/2"]
[WhiteElo "1261"]
[BlackElo "1028"]
[Opening "Queen's pawn game"]
[ECO "D02"]
[Time "20:08:02"]
[TimeControl "2700+45"]

1. d4 d5 2. Nf3 c6 3. Bf4 Nf6 4. c3 Bf5 5. e3 Nbd7 6. Bd3 Bxd3 7. Qxd3 Qb6 8. b3
e6 9. h3 Ne4 10. Nbd2 Nef6 11. O-O Be7 12. c4 O-O 13. Bg5 Rac8 14. Ne5 Qd8 15.
Rfe1 Nxe5 16. dxe5 Nd7 17. Bxe7 Qxe7 18. Nf3 dxc4 19. Qxc4 Nb6 20. Qg4 f6 21.
exf6 Rxf6 22. Qh4 Re8 23. Ne5 Rf5 24. Qxe7 Rxe7 25. f4 Nd7 {Game drawn by mutual
agreement} 1/2-1/2

[Event "Team 45 45 League T74"]
[Site "Internet Chess Club"]
[Date "2017.09.30"]
[Round "3"]
[White "olivermx"]
[Black "Electryon"]
[Result "1/2-1/2"]
[WhiteElo "1289"]
[BlackElo "1482"]
[Opening "French: exchange variation"]
[ECO "C01"]
[Time "10:02:44"]
[TimeControl "2700+45"]

1. e4 e6 2. d4 d5 3. exd5 Qxd5 4. Nf3 Nf6 5. Nc3 Qa5 6. Bd2 Bb4 7. a3 Bxc3 8.
Bxc3 Qd5 9. Bd3 Bd7 10. O-O O-O 11. Re1 Bb5 12. Re5 Qd7 13. Bxb5 c6 14. Bd3 Na6
15. Bxa6 bxa6 16. Qd3 Qb7 17. Ra5 Nd5 18. Qxa6 Qc7 19. Rc5 Rfc8 20. Ba5 Qd6 21.
Ne5 Ne7 22. c3 f6 23. Nd3 Nd5 24. Nb4 Nxb4 25. Bxb4 Qd7 26. Qc4 Rab8 27. Re1 Kf7
28. Qe2 Re8 29. Qh5+ Kg8 30. Qf3 Rbc8 31. Rh5 Qf7 32. Rc5 Qd7 33. Rh5 Qf7 34.
Rc5 Qd7 {Game drawn by repetition} 1/2-1/2

[Event "Team 45 45 League T74"]
[Site "Internet Chess Club"]
[Date "2017.10.01"]
[Round "3"]
[White "Aquaman"]
[Black "Brazuka"]
[Result "1-0"]
[WhiteElo "1285"]
[BlackElo "1096"]
[Opening "Réti opening"]
[ECO "A05"]
[Time "20:01:00"]
[TimeControl "2700+45"]

1. Nf3 Nf6 2. g3 Nc6 3. Bg2 e6 4. d3 d5 5. O-O Bd6 6. Nbd2 Bd7 7. Re1 Qe7 8. e4
O-O-O 9. e5 Nxe5 10. Nxe5 h5 11. h4 g5 12. Nxd7 Rxd7 13. Nf3 gxh4 14. Nxh4 Ng4
15. Bxd5 Qf6 16. Bf3 Ne5 17. Bg2 Ng4 18. Qf3 Qxf3 19. Bxf3 Bc5 20. Rf1 Rg8 21.
Kg2 f5 22. Bf4 Bd4 23. Rab1 e5 24. Bd2 f4 25. Nf5 fxg3 26. Bxg4 gxf2 27. Nxd4
Rxg4+ 28. Kxf2 Rf7+ 29. Ke2 Rg2+ 30. Ke1 Rxf1+ 31. Kxf1 Rxd2 32. Nf3 Rxc2 33.
Nxe5 h4 34. Kg1 h3 35. Kh1 a5 36. Nc4 b6 37. a4 Kb7 38. Rg1 c6 39. Rg3 b5 40.
axb5 cxb5 41. Nxa5+ Ka6 42. Nb3 Rxb2 43. Nc5+ Ka5 44. Rxh3 Rb1+ 45. Kg2 b4 46.
Rh5 Rb2+ 47. Kf3 Rc2 48. Nb3+ Ka4 49. Nd4 Rb2 50. Rh6 b3 51. Ra6+ Kb4 52. Rb6+
Kc3 53. Rd6 Kxd3 54. Nxb3+ Kc4 55. Nd2+ Kc5 56. Rd3 Rb8 57. Ne4+ Kc4 58. Rd1
Rf8+ 59. Ke3 Kb5 60. Nc3+ Kb4 61. Nd5+ Ka3 62. Rd3+ Ka4 63. Rd4+ Kb5 64. Kd3 Kc5
65. Ne3 Kc6 66. Rc4+ Kd7 67. Rd4+ Ke7 68. Nd5+ Ke8 69. Nc7+ Kf7 70. Rd7+ Kg8 71.
Ne6 Re8 72. Nd4 Re1 73. Kd2 Rh1 74. Rd8+ Kh7 75. Rd7+ Kg8 76. Ke3 Rh7 77. Rd8+
Kg7 78. Nf5+ Kf6 79. Nd4 Rh3+ 80. Ke4 Rh1 81. Rd6+ Kg5 82. Nf3+ Kg4 83. Rg6+ Kh5
84. Rg8 Kh6 85. Rh8+ {Black resigns} 1-0

[Event "Team 45 45 League T74"]
[Site "Internet Chess Club"]
[Date "2017.10.01"]
[Round "3"]
[White "GiantsFan"]
[Black "oldbookseller"]
[Result "1-0"]
[WhiteElo "1113"]
[BlackElo "945"]
[Opening "QGD: 4.Nf3"]
[ECO "D37"]
[Time "09:30:50"]
[TimeControl "2700+45"]

1. d4 d5 2. c4 e6 3. Nf3 Nf6 4. Nc3 Bd6 5. Bg5 Nbd7 6. cxd5 O-O 7. e4 c6 8. dxc6
bxc6 9. e5 Nxe5 10. dxe5 Be7 11. exf6 Bxf6 12. Bxf6 Qxf6 13. Bd3 g6 14. O-O e5
15. Re1 Re8 16. Qe2 Bg4 17. Rac1 Re7 18. h3 Bxf3 19. Qxf3 Qh4 20. Qxc6 Rd8 21.
Ne4 Rxd3 22. Qf6 g5 23. Rc8+ Rd8 24. Rxd8+ Re8 25. Rxe8# {Black checkmated} 1-0

[Event "Team 45 45 League T74"]
[Site "Internet Chess Club"]
[Date "2017.10.01"]
[Round "3"]
[White "UrsaMajor"]
[Black "bmw2002"]
[Result "1/2-1/2"]
[WhiteElo "1544"]
[BlackElo "1498"]
[Opening "Caro-Kann: advance variation"]
[ECO "B12"]
[Time "17:08:26"]
[TimeControl "2700+45"]

1. e4 c6 2. d4 d5 3. e5 Bf5 4. Nd2 e6 5. Nb3 Nd7 6. Nf3 c5 7. c3 c4 8. Nbd2 Ne7
9. a4 Nc6 10. b3 cxb3 11. Nxb3 Na5 12. Bb5 Nxb3 13. Qxb3 a6 14. Be2 Rb8 15. O-O
Be7 16. a5 O-O 17. c4 dxc4 18. Bxc4 Qc7 19. Be3 b5 20. axb6 Rxb6 21. Qa2 Rc6 22.
Bb3 Nb6 23. Qxa6 Rc3 24. Rfc1 Nd5 25. Bxd5 exd5 26. Rxc3 Qxc3 27. Rc1 Qb3 28.
Qa7 Ba3 29. Ra1 Bb2 30. Re1 Rc8 31. h3 Qb4 32. Kh2 Be4 33. Nd2 Bf5 34. Nf3 Bc3
35. Rc1 Rc4 36. Qa8+ Qf8 37. Qxd5 Be6 38. Qe4 g6 39. Bd2 Bf5 40. Qe2 Qb4 41.
Bxc3 Rxc3 42. Rxc3 Qxc3 43. Qd2 Qc4 44. d5 Kf8 45. d6 Bd7 46. Qd4 Qe6 47. Ng5
Qf5 48. Nxh7+ Kg7 49. Nf6 Bc6 50. d7 Qg5 51. Qg4 Qxe5+ 52. Qg3 Qxf6 53. Qc7 Bxd7
54. Qxd7 Qe5+ {Game drawn by mutual agreement} 1/2-1/2

[Event "Team 45 45 League T74"]
[Site "Internet Chess Club"]
[Date "2017.09.30"]
[Round "3"]
[White "BrerRabbit"]
[Black "mongmong"]
[Result "1/2-1/2"]
[WhiteElo "1348"]
[BlackElo "1455"]
[Opening "Queen's pawn"]
[ECO "A40"]
[Time "19:03:43"]
[TimeControl "2700+45"]

1. d4 e6 2. Bf4 Nf6 3. e3 c5 4. c3 cxd4 5. cxd4 b6 6. Nf3 Bb7 7. Bd3 Be7 8. h3
O-O 9. O-O d6 10. Qe2 Nbd7 11. Nc3 a6 12. Rac1 b5 13. a3 Qb6 14. e4 Rac8 15. e5
dxe5 16. dxe5 Nd5 17. Nxd5 Bxd5 18. Rc2 Qb7 19. Rfc1 Bxf3 20. Qxf3 Qxf3 21. gxf3
Rxc2 22. Rxc2 Nc5 23. Be2 Nb3 24. Be3 Ra8 25. Bd3 Kf8 26. Be4 Rd8 27. Rc3 Na1
28. Rc1 Nb3 29. Rc3 Na1 30. Rc1 Nb3 {Game drawn by mutual agreement} 1/2-1/2

[Event "Team 45 45 League T74"]
[Site "Internet Chess Club"]
[Date "2017.09.30"]
[Round "3"]
[White "smsxman"]
[Black "arthchan2003"]
[Result "1-0"]
[WhiteElo "1378"]
[BlackElo "1337"]
[Opening "Four knights: Italian variation"]
[ECO "C47"]
[Time "12:02:26"]
[TimeControl "2700+45"]

1. e4 e5 2. Nc3 Nf6 3. Nf3 Nc6 4. Bc4 Nxe4 5. Bxf7+ Kxf7 6. Nxe4 d5 7. Neg5+ Kg8
8. d3 h6 9. Nh3 Bxh3 10. gxh3 Bd6 11. Rg1 Qf6 12. Nd2 Rf8 13. Rg2 Bc5 14. Qg4
Bxf2+ 15. Kd1 Be3 16. c3 Rh7 17. Kc2 Qf4 18. Qe6+ Qf7 19. Qg4 d4 20. Nb3 Bxc1
21. Rxc1 Qf5 22. Rcg1 Qxg4 23. hxg4 g5 24. h3 Rhf7 25. Nc1 Rf2+ 26. Ne2 R8f3 27.
Rxf2 Rxf2 28. Kd1 Kg7 29. Ke1 Rf3 30. Rg3 Rxg3 31. Nxg3 Ne7 32. Ke2 Kf7 33. Kf3
Ke6 34. Ke4 c5 35. Nh5 Kf7 36. Kxe5 b6 37. cxd4 cxd4 38. Kxd4 Ke6 39. Ke4 Nc6
40. Ng7+ Kf7 41. Nf5 Ke6 42. Nxh6 a5 43. Nf5 b5 44. Nd4+ Nxd4 45. Kxd4 Kd6 46.
a3 a4 47. Kc3 Kc5 48. d4+ Kd5 49. Kd3 Kc6 50. Ke4 Kd6 51. d5 Ke7 52. Ke5 Kd7 53.
d6 Kc8 54. Ke6 {Black resigns} 1-0

[Event "Team 45 45 League T74"]
[Site "Internet Chess Club"]
[Date "2017.10.09"]
[Round "3"]
[White "Skeptic1972"]
[Black "QuieroAprender"]
[Result "0-1"]
[WhiteElo "1522"]
[BlackElo "1617"]
[Opening "Ruy Lopez: Cozio defense deferred"]
[ECO "C70"]
[Time "14:00:51"]
[TimeControl "2700+45"]

1. e4 e5 2. Nf3 Nc6 3. Bb5 a6 4. Ba4 Nge7 5. O-O g6 6. c3 Bg7 7. d4 b5 8. Bc2
O-O 9. Bg5 f6 10. Bh4 d6 11. Nbd2 g5 12. Bg3 Ng6 13. Bb3+ Kh8 14. dxe5 dxe5 15.
Bd5 Bb7 16. c4 Qe7 17. Rc1 Nd8 18. Qb3 c6 19. cxb5 cxd5 20. exd5 axb5 21. Qxb5
Ba6 22. Qa5 Nf7 23. Rfe1 Bc4 24. Qb6 Bxd5 25. Nd4 Qb7 26. Qxb7 Bxb7 27. Rc7 Bd5
28. Nf5 Rac8 29. Rec1 Be6 30. Nxg7 Kxg7 31. a3 Ne7 32. Ne4 Nf5 33. a4 Nd4 34.
Nd6 Ne2+ {White resigns} 0-1

[Event "Team 45 45 League T74"]
[Site "Internet Chess Club"]
[Date "2017.10.01"]
[Round "3"]
[White "Janna"]
[Black "tamky70"]
[Result "1-0"]
[WhiteElo "1304"]
[BlackElo "1283"]
[Opening "French: exchange variation"]
[ECO "C01"]
[Time "13:00:40"]
[TimeControl "2700+45"]

1. e4 e6 2. d4 d5 3. exd5 exd5 4. Bd3 Nf6 5. Nc3 Qe7+ 6. Nge2 c6 7. Bf4 Nbd7 8.
O-O Qd8 9. Ng3 Be7 10. Re1 O-O 11. Nf5 Bb4 12. a3 Bxc3 13. bxc3 Nb6 14. Ne7+ Kh8
15. Bg5 Nbd7 16. Bf5 Re8 17. Bxd7 Bxd7 18. Bxf6 gxf6 19. Qf3 Rxe7 20. Qxf6+
{Black resigns} 1-0